PUBA
KNOXVILLE SMOKIES @ LODI ORIONS
07/07/1972
 
TOP OF THE 1ST
Knoxville Smokies batting - Pitching for Lodi Orions : RHP Yodo Ozawa
Pitching: RHP Yodo Ozawa
Batting: RHB Anastasio Lona 0-0: Called Strike
0-1: Ball
1-1: Ball
2-1: Ball
3-1: Foul Ball, location: 3FF
3-2: Fly out, F8 (Flyball, 8RM, EV 86.9 MPH)
Batting: RHB Felipe Garza 0-0: Called Strike
0-1: Foul Ball, location: 3F
0-2: Ground out 4-3 (Groundball, 4, EV 104.4 MPH)
Batting: LHB Tony Muser 0-0: Ball
1-0: Foul Ball, location: 9LDF
1-1: Ball
2-1: Swinging Strike
2-2: Ball
3-2: SINGLE (Flyball, 4MD, EV 85.0 MPH)
Batting: SHB John Bryant 0-0: Ball
1-0: Ball
2-0: Called Strike
2-1: Foul Ball, location: 2F
2-2: Ball
3-2: Ground out 4-3 (Groundball, 34D, EV 105.6 MPH)
Top of the 1st over - 0 runs, 1 hit, 0 errors, 1 left on base; Knoxville 0 - Lodi 0
BOTTOM OF THE 1ST
Lodi Orions batting - Pitching for Knoxville Smokies : RHP Billy Burton
Pitching: RHP Billy Burton
Batting: LHB Phil Shaw 0-0: Ball
1-0: Ball
2-0: Ball
3-0: Base on Balls
Batting: RHB Fernando Ayala 0-0: Called Strike
0-1: Ball
1-1: Swinging Strike
1-2: Fly out, F6 (Popup, 6S, EV 77.5 MPH)
Batting: RHB Jimmy Wyatt 0-0: Ball
1-0: Ball
2-0: Fly out, F7 (Flyball, 7S, EV 83.8 MPH)
Batting: LHB Tom Alexander 0-0: Ball
1-0: Called Strike
1-1: Ball
2-1: Ball
3-1: Swinging Strike
3-2: Foul Ball, location: 3FF
3-2: Strikes out swinging
Bottom of the 1st over - 0 runs, 0 hits, 0 errors, 1 left on base; Knoxville 0 - Lodi 0
TOP OF THE 2ND
Knoxville Smokies batting - Pitching for Lodi Orions : RHP Yodo Ozawa
Batting: LHB Angus Canavan 0-0: Called Strike
0-1: TRIPLE (Line Drive, 89XD, EV 101.3 MPH)
Batting: RHB Monty Collins 0-0: Ball
1-0: Foul Ball, location: 9LSF
1-1: Foul Ball, location: 25F
1-2: Ball
2-2: Fly out, F4 (Popup, 4, EV 55.0 MPH)
Batting: RHB Joe Nelson 0-0: Ball
1-0: Ball
2-0: Ground out 1-3 (Groundball, 13S, EV 73.1 MPH)
Batting: RHB Ken Carey 0-0: Ball
1-0: Swinging Strike
1-1: Ball
2-1: Foul Ball, location: 9LMF
2-2: Foul Ball, location: 9LMF
2-2: Ball
3-2: Strikes out swinging
Top of the 2nd over - 0 runs, 1 hit, 0 errors, 1 left on base; Knoxville 0 - Lodi 0
BOTTOM OF THE 2ND
Lodi Orions batting - Pitching for Knoxville Smokies : RHP Billy Burton
Batting: RHB Edward Dillon 0-0: Called Strike
0-1: Foul Ball, location: 2F
0-2: Strikes out swinging
Batting: LHB Arthur López 0-0: Ball
1-0: Ball
2-0: Ball
3-0: Called Strike
3-1: Foul Ball, location: 7LDF
3-2: Ground out 3-1 (Groundball, 34, EV 110.0 MPH)
Batting: RHB Mike Johnson 0-0: Ball
1-0: Foul Ball, location: 3DF
1-1: Ball
2-1: Foul Ball, location: 9LSF
2-2: Ball
3-2: Strikes out swinging
Bottom of the 2nd over - 0 runs, 0 hits, 0 errors, 0 left on base; Knoxville 0 - Lodi 0
TOP OF THE 3RD
Knoxville Smokies batting - Pitching for Lodi Orions : RHP Yodo Ozawa
Batting: RHB Luis Alvarado 0-0: Ball
1-0: SINGLE (Groundball, 4MD, EV 105.6 MPH)
Batting: RHB Anastasio Lona 0-0: Sac Bunt to 2R - play at first, batter OUT! 2-3
Luis Alvarado to second
Batting: RHB Felipe Garza 0-0: Ball
1-0: Ball
2-0: Swinging Strike
2-1: Foul Ball, location: 9LSF
2-2: Foul Ball, location: 9LSF
2-2: Strikes out looking
Batting: LHB Tony Muser 0-0: Ball
1-0: Ball
2-0: Called Strike
2-1: Foul Ball, location: 7LMF
2-2: DOUBLE (Groundball, 3L, EV 101.9 MPH)
Luis Alvarado scores
Batting: SHB John Bryant 0-0: Ball
1-0: Foul Ball, location: 2F
1-1: Ground out U3 (Groundball, 3S, EV 93.1 MPH)
Top of the 3rd over - 1 run, 2 hits, 0 errors, 1 left on base; Knoxville 1 - Lodi 0
BOTTOM OF THE 3RD
Lodi Orions batting - Pitching for Knoxville Smokies : RHP Billy Burton
Batting: RHB Roy Anderson 0-0: Ball
1-0: Foul Ball, location: 5F
1-1: Ball
2-1: Foul Ball, location: 7LSFF
2-2: Ball
3-2: SINGLE (Groundball, 34D, EV 100.0 MPH)
Batting: RHB Hunter Long 0-0: Bunt missed!
0-1: Sac Bunt to 23 - play at first, batter OUT! 3-4
Roy Anderson to second
Batting: LHB Phil Shaw 0-0: Called Strike
0-1: Ball
1-1: Swinging Strike
1-2: Ground out 4-3 (Groundball, 4, EV 91.3 MPH)
Roy Anderson to third
Batting: RHB Fernando Ayala 0-0: Ball
1-0: Ball
2-0: Ball
3-0: Base on Balls
Batting: RHB Jimmy Wyatt 0-0: Ball
1-0: Swinging Strike
1-1: Called Strike
1-2: Fly out, F9 (Flyball, 9, EV 88.8 MPH)
Bottom of the 3rd over - 0 runs, 1 hit, 0 errors, 2 left on base; Knoxville 1 - Lodi 0
TOP OF THE 4TH
Knoxville Smokies batting - Pitching for Lodi Orions : RHP Yodo Ozawa
Batting: LHB Angus Canavan 0-0: Foul Ball, location: 2F
0-1: Ball
1-1: Ball
2-1: Ball
3-1: Swinging Strike
3-2: Foul Ball, location: 7LSF
3-2: Foul Ball, location: 2F
3-2: Foul Ball, location: 7LDF
3-2: Foul Ball, location: 5DF
3-2: Strikes out looking
Batting: RHB Monty Collins 0-0: Called Strike
0-1: Ball
1-1: Ball
2-1: SOLO HOME RUN (Flyball, 78XD, EV 111.9 MPH), Distance : 434 ft
Batting: RHB Joe Nelson 0-0: Ball
1-0: Foul Ball, location: 3F
1-1: Ground out 5-3 (Groundball, 56S, EV 66.9 MPH)
Batting: RHB Ken Carey 0-0: Fly out, F2 (Popup, 5SF, EV 74.4 MPH)
Top of the 4th over - 1 run, 1 hit, 0 errors, 0 left on base; Knoxville 2 - Lodi 0
BOTTOM OF THE 4TH
Lodi Orions batting - Pitching for Knoxville Smokies : RHP Billy Burton
Batting: LHB Tom Alexander 0-0: Ball
1-0: Called Strike
1-1: Ball
2-1: Swinging Strike
2-2: Foul Ball, location: 2F
2-2: Ball
3-2: Foul Ball, location: 2F
3-2: Base on Balls
Batting: RHB Edward Dillon 0-0: Foul Ball, location: 2F
0-1: Ball
1-1: Fly out, F3 (Popup, 3SF, EV 82.5 MPH)
Batting: LHB Arthur López 0-0: Fly out, F8 (Flyball, 8RD, EV 83.1 MPH)
Batting: RHB Mike Johnson 0-0: Called Strike
Tom Alexander steals 2nd base
0-1: DOUBLE (Flyball, 89XD, EV 110.0 MPH)
Tom Alexander scores
Batting: RHB Roy Anderson 0-0: Ball
1-0: Called Strike
1-1: Foul Ball, location: 25F
1-2: Foul Ball, location: 9LSFF
1-2: Ball
2-2: Fly out, F6 (Popup, 6M, EV 57.5 MPH)
Bottom of the 4th over - 1 run, 1 hit, 0 errors, 1 left on base; Knoxville 2 - Lodi 1
TOP OF THE 5TH
Knoxville Smokies batting - Pitching for Lodi Orions : RHP Yodo Ozawa
Batting: RHB Luis Alvarado 0-0: Fly out, F7 (Flyball, 7, EV 91.9 MPH)
Batting: RHB Anastasio Lona 0-0: Ball
1-0: Foul Ball, location: 9LMF
1-1: Fly out, F7 (Flyball, 7D, EV 105.0 MPH)
Batting: RHB Felipe Garza 0-0: Ball
1-0: Foul Ball, location: 2F
1-1: Ground out 6-3 (Groundball, 6, EV 90.0 MPH)
Top of the 5th over - 0 runs, 0 hits, 0 errors, 0 left on base; Knoxville 2 - Lodi 1
BOTTOM OF THE 5TH
Lodi Orions batting - Pitching for Knoxville Smokies : RHP Billy Burton
Batting: RHB Hunter Long 0-0: Ball
1-0: Called Strike
1-1: Called Strike
1-2: Ball
2-2: Fly out, F3 (Line Drive, 3, EV 70.0 MPH)
Batting: LHB Phil Shaw 0-0: Ball
1-0: Fly out, F8 (Line Drive, 8RD, EV 90.0 MPH)
Batting: RHB Fernando Ayala 0-0: Ball
1-0: Ball
2-0: Ball
3-0: Base on Balls
Batting: RHB Jimmy Wyatt 0-0: Ball
1-0: DOUBLE (Flyball, 8LXD, EV 110.0 MPH)
Fernando Ayala to third
Runner from 3rd tries for Home, SAFE, throw by CF to trailing runner, SAFE at third!
Batting: LHB Tom Alexander 0-0: Ball
1-0: Foul Ball, location: 9LSF
1-1: Swinging Strike
1-2: Ball
2-2: Ball
3-2: Base on Balls
Batting: RHB Edward Dillon 0-0: Ball
1-0: Ball
Tom Alexander steals 2nd base
2-0: Ball
3-0: Base on Balls
Batting: LHB Arthur López 0-0: Foul Ball, location: 2F
0-1: Ball
1-1: Ball
2-1: Fly out, F8 (Flyball, 78M, EV 95.0 MPH)
Bottom of the 5th over - 1 run, 1 hit, 0 errors, 3 left on base; Knoxville 2 - Lodi 2
TOP OF THE 6TH
Knoxville Smokies batting - Pitching for Lodi Orions : RHP Yodo Ozawa
Batting: LHB Tony Muser 0-0: Called Strike
0-1: Foul Ball, location: 5SF
0-2: Fly out, F7 (Flyball, 78M, EV 79.4 MPH)
Batting: SHB John Bryant 0-0: Ball
1-0: Ground out 4-3 (Groundball, 34D, EV 106.9 MPH)
Batting: LHB Angus Canavan 0-0: Called Strike
0-1: Ball
1-1: Foul Ball, location: 25FF
1-2: Ball
2-2: Ball
3-2: Foul Ball, location: 7LMF
3-2: Ground out 6-3 (Groundball, 4MS, EV 88.1 MPH)
Top of the 6th over - 0 runs, 0 hits, 0 errors, 0 left on base; Knoxville 2 - Lodi 2
BOTTOM OF THE 6TH
Lodi Orions batting - Pitching for Knoxville Smokies : RHP Billy Burton
Batting: RHB Mike Johnson 0-0: Ball
1-0: Foul Ball, location: 2F
1-1: Called Strike
1-2: Foul Ball, location: 2F
1-2: Strikes out swinging
Batting: RHB Roy Anderson 0-0: Called Strike
0-1: Ball
1-1: Foul Ball, location: 9LMF
1-2: Foul Ball, location: 9LSF
1-2: Ground out 6-3 (Groundball, 6S, EV 71.3 MPH)
Batting: RHB Hunter Long 0-0: Called Strike
0-1: Ball
1-1: Foul Ball, location: 2LF
1-2: Strikes out swinging
Bottom of the 6th over - 0 runs, 0 hits, 0 errors, 0 left on base; Knoxville 2 - Lodi 2
TOP OF THE 7TH
Knoxville Smokies batting - Pitching for Lodi Orions : RHP Yodo Ozawa
Batting: RHB Monty Collins 0-0: Ball
1-0: Foul Ball, location: 7LMFF
1-1: Foul Ball, location: 2F
1-2: Fly out, F8 (Flyball, 8LD, EV 105.0 MPH)
Batting: RHB Joe Nelson 0-0: Ball
1-0: Swinging Strike
1-1: Ball
2-1: Foul Ball, location: 2F
2-2: Ball
3-2: Foul Ball, location: 2F
3-2: Ground out 6-3 (Groundball, 6, EV 85.6 MPH)
Batting: RHB Ken Carey 0-0: Swinging Strike
0-1: Fly out, F5 (Popup, 5SF, EV 78.8 MPH)
Top of the 7th over - 0 runs, 0 hits, 0 errors, 0 left on base; Knoxville 2 - Lodi 2
BOTTOM OF THE 7TH
Lodi Orions batting - Pitching for Knoxville Smokies : RHP Billy Burton
Batting: LHB Phil Shaw 0-0: Foul Ball, location: 5DF
0-1: Foul Ball, location: 7LMF
0-2: Ball
1-2: SOLO HOME RUN (Flyball, 7LD, EV 95.0 MPH), Distance : 344 ft
Batting: RHB Fernando Ayala 0-0: Ball
1-0: Ball
2-0: Ball
3-0: Base on Balls
Batting: RHB Jimmy Wyatt 0-0: Ball
1-0: DOUBLE (Line Drive, 9LM, EV 103.1 MPH)
Fernando Ayala to third
Batting: LHB Tom Alexander 0-0: Called Strike
0-1: Ball
1-1: Ball
2-1: Foul Ball, location: 5DF
2-2: Hit by Pitch
Pitching: RHP Warren Hudson
Batting: RHB Edward Dillon 0-0: Ball
1-0: Called Strike
1-1: Ball
2-1: Foul Ball, location: 9LDF
2-2: Grounds into double play, 6-2-3 (Groundball, 6, EV 100.6 MPH)
Jimmy Wyatt to third
Tom Alexander to second
Batting: LHB Arthur López 0-0: Swinging Strike
0-1: Ground out 4-3 (Groundball, 34, EV 83.1 MPH)
Bottom of the 7th over - 1 run, 2 hits, 0 errors, 2 left on base; Knoxville 2 - Lodi 3
TOP OF THE 8TH
Knoxville Smokies batting - Pitching for Lodi Orions : RHP Yodo Ozawa
Now at C: Pepin Buschmann
Batting: RHB Luis Alvarado 0-0: Swinging Strike
0-1: Swinging Strike
0-2: Strikes out swinging
Batting: RHB Anastasio Lona 0-0: Called Strike
0-1: Ground out 6-3 (Groundball, 6, EV 86.9 MPH)
Batting: RHB Felipe Garza 0-0: Ball
1-0: Foul Ball, location: 3F
1-1: Ground out 6-3 (Groundball, 56, EV 102.5 MPH)
Top of the 8th over - 0 runs, 0 hits, 0 errors, 0 left on base; Knoxville 2 - Lodi 3
BOTTOM OF THE 8TH
Lodi Orions batting - Pitching for Knoxville Smokies : RHP Warren Hudson
Batting: LHB Randy Herrera 0-0: Ball
1-0: Ball
2-0: Ball
3-0: Called Strike
3-1: Fly out, F6 (Popup, 6M, EV 53.8 MPH)
Batting: RHB Roy Anderson 0-0: Foul Ball, location: 9LSF
0-1: Ball
1-1: Called Strike
1-2: Strikes out swinging
Batting: RHB Hunter Long 0-0: Called Strike
0-1: Foul Ball, location: 3FF
0-2: Ball
1-2: Strikes out swinging, 2-3 out at first.
Bottom of the 8th over - 0 runs, 0 hits, 0 errors, 0 left on base; Knoxville 2 - Lodi 3
TOP OF THE 9TH
Knoxville Smokies batting - Pitching for Lodi Orions : RHP Yodo Ozawa
Pitching: RHP Chris Clark
Batting: LHB Tony Muser 0-0: Ball
1-0: DOUBLE (Line Drive, 89XD, EV 102.5 MPH)
Batting: SHB John Bryant 0-0: 2-RUN HOME RUN (Flyball, 9D, EV 92.5 MPH), Distance : 353 ft
Batting: LHB Angus Canavan 0-0: Called Strike
0-1: Ball
1-1: Ball
2-1: Foul Ball, location: 25F
2-2: Strikes out swinging
Batting: RHB Monty Collins 0-0: Foul Ball, location: 9LDF
0-1: Foul Ball, location: 5F
0-2: Strikes out swinging
Batting: RHB Joe Nelson 0-0: Ball
1-0: Called Strike
1-1: Ball
2-1: Foul Ball, location: 23F
2-2: Foul Ball, location: 2F
2-2: Ball
3-2: Strikes out swinging
Top of the 9th over - 2 runs, 2 hits, 0 errors, 0 left on base; Knoxville 4 - Lodi 3
BOTTOM OF THE 9TH
Lodi Orions batting - Pitching for Knoxville Smokies : RHP Warren Hudson
Now at 2B: Joe Nelson
Now in CF: Leroy Schneider
Batting: LHB Phil Shaw 0-0: Ball
1-0: Ball
2-0: Foul Ball, location: 2F
2-1: Foul Ball, location: 23FF
2-2: Strikes out looking
Batting: RHB Fernando Ayala 0-0: Ball
1-0: Called Strike
1-1: Ball
2-1: Foul Ball, location: 2F
2-2: SOLO HOME RUN (Flyball, 9D, EV 97.5 MPH), Distance : 349 ft
Pinch Hitting: LHB Jorge Orta 0-0: Ball
1-0: Swinging Strike
1-1: Ball
2-1: Foul Ball, location: 2F
2-2: Ball
3-2: Foul Ball, location: 9LSF
3-2: SINGLE (Groundball, 34D, EV 103.1 MPH)
Batting: LHB Tom Alexander 0-0: Called Strike
0-1: Ball
1-1: Ball
2-1: Ball
3-1: Grounds into double play, 4-6-3 (Groundball, 4, EV 81.3 MPH)
Bottom of the 9th over - 1 run, 2 hits, 0 errors, 0 left on base; Knoxville 4 - Lodi 4
TOP OF THE 10TH
Knoxville Smokies batting - Pitching for Lodi Orions : RHP Chris Clark
Now at 2B: Jorge Orta
Pinch Hitting: LHB Bernie Carbo 0-0: Ball
1-0: Ball
2-0: SINGLE (Groundball, 3S, EV 68.8 MPH) (infield hit)
Batting: RHB Luis Alvarado 0-0: Ground out 5-3 (Groundball, 56, EV 110.6 MPH)
Bernie Carbo to second
Batting: RHB Anastasio Lona 0-0: Ball
1-0: Swinging Strike
1-1: Hit by Pitch
Batting: RHB Leroy Schneider 0-0: Foul Ball, location: 25F
0-1: Grounds into double play, 6-4-3 (Groundball, 6, EV 98.8 MPH)
Top of the 10th over - 0 runs, 1 hit, 0 errors, 1 left on base; Knoxville 4 - Lodi 4
BOTTOM OF THE 10TH
Lodi Orions batting - Pitching for Knoxville Smokies : RHP Warren Hudson
Now at C: Colton Brown
Pinch Hitting: LHB Jorge Rosa 0-0: Foul Ball, location: 3FF
0-1: Fly out, F8 (Flyball, 8RM, EV 86.9 MPH)
Batting: LHB Arthur López 0-0: Ball
1-0: Ground out U3 (Groundball, 3L, EV 83.1 MPH)
Batting: LHB Randy Herrera 0-0: Called Strike
0-1: SINGLE (Groundball, 4MD, EV 102.5 MPH)
Pitching: RHP Alec Distaso
Batting: RHB Roy Anderson 0-0: Called Strike
0-1: Ball
1-1: Called Strike
1-2: Ground out 4-3 (Groundball, 4M, EV 99.4 MPH)
Bottom of the 10th over - 0 runs, 1 hit, 0 errors, 1 left on base; Knoxville 4 - Lodi 4
TOP OF THE 11TH
Knoxville Smokies batting - Pitching for Lodi Orions : RHP Chris Clark
Now at C: Francisco Orgega
Batting: LHB Tony Muser 0-0: Called Strike
0-1: Ball
1-1: Called Strike
1-2: Ball
2-2: Ball
3-2: Fly out, F5 (Popup, 25F, EV 82.5 MPH)
Batting: SHB John Bryant 0-0: Foul Ball, location: 2F
0-1: Foul Ball, location: 7LSF
0-2: Ball
1-2: Foul Ball, location: 2F
1-2: Ground out 6-3 (Groundball, 6M, EV 86.9 MPH)
Batting: LHB Angus Canavan 0-0: Swinging Strike
0-1: Ball
1-1: Fly out, F7 (Flyball, 7, EV 90.0 MPH)
Top of the 11th over - 0 runs, 0 hits, 0 errors, 0 left on base; Knoxville 4 - Lodi 4
BOTTOM OF THE 11TH
Lodi Orions batting - Pitching for Knoxville Smokies : RHP Alec Distaso
Pinch Hitting: LHB Bake McBride 0-0: Called Strike
0-1: Called Strike
0-2: Ball
1-2: Ball
2-2: Ground out 5-3 (Groundball, 5, EV 80.6 MPH)
Batting: LHB Phil Shaw 0-0: Ball
1-0: Foul Ball, location: 7LMF
1-1: Fly out, F8 (Flyball, 8RS, EV 93.1 MPH)
Batting: RHB Fernando Ayala 0-0: Foul Ball, location: 9LSF
0-1: Called Strike
0-2: Ground out 4-3 (Groundball, 4D, EV 103.8 MPH)
Bottom of the 11th over - 0 runs, 0 hits, 0 errors, 0 left on base; Knoxville 4 - Lodi 4
TOP OF THE 12TH
Knoxville Smokies batting - Pitching for Lodi Orions : RHP Chris Clark
Now in CF: Bake McBride
Batting: RHB Monty Collins 0-0: Ball
1-0: Ball
2-0: Called Strike
2-1: Foul Ball, location: 9LSF
2-2: Foul Ball, location: 2F
2-2: Foul Ball, location: 9LMF
2-2: SINGLE (Groundball, 56D, EV 101.9 MPH)
Pitching: RHP Luis Pérez
Batting: RHB Joe Nelson 0-0: Ball
1-0: Called Strike
1-1: Swinging Strike
1-2: Foul Ball, location: 3FF
1-2: Ball
2-2: Strikes out swinging
Batting: RHB Colton Brown 0-0: Bunt missed!
0-1: Sac Bunt to 25 - play at first, batter OUT! 5-3
Monty Collins to second
Batting: RHB Luis Alvarado 0-0: Ball
1-0: Fly out, F9 (Flyball, 9S, EV 96.3 MPH)
Top of the 12th over - 0 runs, 1 hit, 0 errors, 1 left on base; Knoxville 4 - Lodi 4
BOTTOM OF THE 12TH
Lodi Orions batting - Pitching for Knoxville Smokies : RHP Alec Distaso
Batting: LHB Jorge Orta 0-0: Called Strike
0-1: Ball
1-1: SINGLE (Flyball, 89S, EV 94.4 MPH)
Batting: LHB Tom Alexander 0-0: Ball
1-0: Called Strike
1-1: Foul Ball, location: 2F
1-2: Ball
2-2: SINGLE (Groundball, 4, EV 80.0 MPH) (infield hit)
Jorge Orta to second
Batting: RHB Francisco Orgega 0-0: Ball
1-0: Ball
2-0: Fielders Choice at 2nd, 5-4 (Groundball, 56, EV 87.5 MPH)
Jorge Orta to third
Batting: LHB Arthur López 0-0: Called Strike
0-1: Ball
1-1: Fly out, F7 (Flyball, 78S, EV 98.8 MPH)
Batting: LHB Randy Herrera 0-0: Called Strike
0-1: Called Strike
0-2: Fly out, F8 (Flyball, 8RD, EV 107.5 MPH)
Bottom of the 12th over - 0 runs, 2 hits, 0 errors, 2 left on base; Knoxville 4 - Lodi 4
TOP OF THE 13TH
Knoxville Smokies batting - Pitching for Lodi Orions : RHP Luis Pérez
Batting: RHB Anastasio Lona 0-0: Ball
1-0: Foul Ball, location: 2F
1-1: Called Strike
1-2: Strikes out swinging
Batting: RHB Leroy Schneider 0-0: Foul Ball, location: 9LDF
0-1: Swinging Strike
0-2: Ball
1-2: Foul Ball, location: 3SF
1-2: Ball
2-2: Ball
3-2: Base on Balls
Batting: LHB Tony Muser 0-0: Ball
1-0: Ball
2-0: Called Strike
2-1: Ball
3-1: Called Strike
3-2: Foul Ball, location: 2F
3-2: SINGLE (Groundball, 4, EV 83.8 MPH)
Leroy Schneider to second
Runner from 2nd tries for 3rd, OUT! 9-5
Batting: SHB John Bryant 0-0: Ball
1-0: Ground out U3 (Groundball, 3, EV 83.1 MPH)
Top of the 13th over - 0 runs, 1 hit, 0 errors, 1 left on base; Knoxville 4 - Lodi 4
BOTTOM OF THE 13TH
Lodi Orions batting - Pitching for Knoxville Smokies : RHP Alec Distaso
Batting: RHB Roy Anderson 0-0: Ball
1-0: Foul Ball, location: 3DF
1-1: Swinging Strike
1-2: Fly out, F8 (Flyball, 8RD, EV 93.8 MPH)
Batting: LHB Bake McBride 0-0: Called Strike
0-1: Called Strike
0-2: Ground out 6-3 (Groundball, 56, EV 98.1 MPH)
Batting: LHB Phil Shaw 0-0: Foul Ball, location: 7LDF
0-1: Fly out, F8 (Flyball, 78M, EV 91.9 MPH)
Bottom of the 13th over - 0 runs, 0 hits, 0 errors, 0 left on base; Knoxville 4 - Lodi 4
TOP OF THE 14TH
Knoxville Smokies batting - Pitching for Lodi Orions : RHP Luis Pérez
Batting: LHB Angus Canavan 0-0: Foul Ball, location: 2F
0-1: Ball
1-1: Ball
2-1: Ball
3-1: Base on Balls
Batting: RHB Monty Collins 0-0: Bunt missed!
0-1: Sac Bunt to 2L - play at first, batter OUT! 2-3
Angus Canavan to second
Batting: RHB Joe Nelson 0-0: Intentional Walk
Pitching: LHP Enrique Rico
Batting: RHB Colton Brown 0-0: Called Strike
0-1: Ball
1-1: Ball
2-1: Ground out 5-3 (Groundball, 56S, EV 68.8 MPH)
Angus Canavan to third
Joe Nelson to second
Batting: RHB Luis Alvarado 0-0: DOUBLE (Line Drive, 89D, EV 103.8 MPH)
Angus Canavan scores
Joe Nelson scores
Batting: RHB Anastasio Lona 0-0: Ball
1-0: Ground out 5-3 (Groundball, 56S, EV 84.4 MPH)
Top of the 14th over - 2 runs, 1 hit, 0 errors, 1 left on base; Knoxville 6 - Lodi 4
BOTTOM OF THE 14TH
Lodi Orions batting - Pitching for Knoxville Smokies : RHP Alec Distaso
Batting: RHB Fernando Ayala 0-0: SINGLE (Line Drive, 6D, EV 109.4 MPH)
Batting: LHB Jorge Orta Balk!
Fernando Ayala to second
0-0: Ball
1-0: SINGLE (Groundball, 6M, EV 101.3 MPH) (infield hit)
Fernando Ayala to third
Batting: LHB Tom Alexander 0-0: Called Strike
0-1: Fly out, F9 (Flyball, 9D, EV 104.4 MPH)
Pitching: RHP Bill Bonham
Batting: RHB Francisco Orgega 0-0: Grounds into double play, 3-6-1 (Groundball, 34S, EV 83.1 MPH)
Bottom of the 14th over - 0 runs, 2 hits, 0 errors, 1 left on base; Knoxville 6 - Lodi 4
Friday, April 5th , 2024 - OOTP Baseball 24.8 Build 75